 Dungeon Crawl Stone Soup version 0.27.1-34-g3ba077fa99 (webtiles) character file.

Game seed: 12233906717845696368

67 LLlMATKO the Skirmisher (level 4, -3/41 HPs)
             Began as a Minotaur Berserker on Jan 22, 2022.
             Was a Believer of Trog.
             Slain by an orc priest (19 damage)
             ... on level 3 of the Dungeon.
             The game lasted 00:01:26 (1719 turns).

LLlMATKO the Skirmisher (Minotaur Berserker)        Turns: 1719, Time: 00:01:29

Health: -3/41      AC:  5    Str: 21    XL:     4   Next: 0%
Magic:  3/3        EV: 11    Int:  4    God:    Trog [**....]
Gold:   129        SH:  0    Dex: 11    Spells: 3/3 levels left

rFire    . . .     SeeInvis .   a - +0 hand axe
rCold    . . .     Faith    .   (no shield)
rNeg     . . .     Spirit   .   c - +0 ring mail
rPois    .         Reflect  .   (helmet restricted)
rElec    .         Harm     .   (no cloak)
rCorr    .         Rampage  .   (no gloves)
Will     .....                  (no boots)
Stlth    +.........             (no amulet)
HPRegen  0.13/turn              (no ring)
MPRegen  0.08/turn              (no ring)

@: no status effects
A: horns 2, retaliatory headbutt
a: Renounce Religion, Berserk, Trog's Hand


You were on level 3 of the Dungeon.
You worshipped Trog.
Trog was pleased with you.
You visited 1 branch of the dungeon, and saw 3 of its levels.

You collected 129 gold pieces.

Inventory:

Hand Weapons
 a - a +0 hand axe (weapon)
 b - a +1 spear of flaming
Missiles
 f - 25 sling bullets
 h - 11 bolts
 n - 2 boomerangs (quivered)
Armour
 c - a +0 ring mail (worn)
Scrolls
 d - a scroll of identify {unknown}
 e - a scroll of torment {unknown}
 i - a scroll of fog {unknown}
 j - a scroll of immolation {unknown}
 l - a scroll of magic mapping {unknown}
 p - a scroll of blinking {unknown}
Potions
 g - a potion of cancellation {unknown}
 k - a potion of curing {unknown}
 m - a potion of mutation {unknown}
 o - a potion of might {unknown}


   Skills:
 + Level 4.3 Fighting
 + Level 4.3 Axes
 + Level 3.3 Armour
 + Level 3.0 Dodging


You had 3 spell levels left.
You didn't know any spells.
Your spell library was empty.

Dungeon Overview and Level Annotations

Branches:
Dungeon (3/15)

Altars:


Innate Abilities, Weirdness & Mutations

You have a pair of horns on your head.
You reflexively headbutt those who attack you in melee.


Message History

A bat comes into view.
The bat hits you but does no damage. The bat misses you.
An orc priest comes into view.
It is wielding a +0 short sword of electrocution.
An orc comes into view. It is wielding a +0 falchion.
The orc priest shouts!
The orc shouts!
You hear a shout!
The bat closely misses you.
The orc throws a boomerang.
The boomerang hits you but does no damage.
You barely miss the bat. The bat completely misses you.
The orc priest begins to cast a cantrip, but forgets the words!
A bat comes into view.
The bat closely misses you.
The orc throws a boomerang.
The boomerang closely misses you.
An orc comes into view. It is wielding a +0 dagger.
You closely miss the bat. You headbutt the bat.
The bat is moderately wounded.
The bat closely misses you. You furiously retaliate!
You headbutt the bat.
You kill the bat!
Trog accepts your kill.
You hit the bat. You headbutt the bat.
You kill the bat!
Trog accepts your kill.
You have reached level 4!
You feel agile.
The orc priest hits you with a +0 short sword of electrocution.
You are electrocuted!
You barely miss the orc priest. Your headbutt misses the orc priest.
The orc priest misses you. You furiously retaliate!
You headbutt the orc priest. You closely miss the orc priest.
The orc priest is lightly wounded.
You hit the orc. The orc hits you with a +0 falchion.
The orc priest hits you but does no damage.
You closely miss the orc.
The orc is heavily wounded.
You barely miss the orc. You barely miss the orc priest.
The orc hits you with a +0 falchion. The orc hits you with a +0 dagger.
The orc priest hits you with a +0 short sword of electrocution.
You are electrocuted!!
You die...

.##. ##............#. ....
#............... #...
#............... #.
#............... ###.
##............... ....
................. #... .
#........o...... ....
..#.......@o...... ....
..........o...............
.#......$###.............
#.....### #............
#.....# #............
#.....######............
###.....................
#.##..................
#.##..................


You could see an orc priest and 2 orcs.

Vanquished Creatures
  2 adders (D:2)
  A worm (D:2)
  2 dart slugs (D:1)
  4 ball pythons
  6 endoplasms
  2 giant cockroaches (D:2)
  3 goblins
  A hobgoblin (D:2)
  7 jackals
  4 bats
  3 kobolds
  4 rats
39 creatures vanquished.

Notes
Turn   | Place    | Note
-------+----------+-------------------------------------------
     0 | D:1      | LLlMATKO the Minotaur Berserker began the quest for the
                  | Orb.
     0 | D:1      | Reached XP level 1. HP: 19/19 MP: 0/0
   146 | D:1      | Reached XP level 2. HP: 27/27 MP: 1/1
  1045 | D:2      | Reached XP level 3. HP: 33/33 MP: 2/2
  1319 | D:2      | Reached ** piety under Trog
  1716 | D:3      | Reached XP level 4. HP: 41/41 MP: 3/3
  1719 | D:3      | Slain by an orc priest

Illustrated notes

Levels and vault maps discovered:
D:1:      minmay_arrival_glassed_features, layout_basic
D:2:      layout_rooms, corexii_corridor_pit
D:3:      layout_rooms, hellmonk_ecumenical_altar_crossroads, uniq_natasha

Skill      XL: |  1  2  3 |
---------------+----------+-----
Fighting       | 4 |  4.3
Axes           | 4 |  4.3
Armour         | 3 |  3.3
Dodging        | 3 |  3.0

Action                   |  1- 3 |  4- 6 || total
-------------------------+-------+-------++-------
Melee: Hand axe          |    82 |     3 ||    85
       Headbutt          |    11 |       ||    11
Throw: Boomerang         |     7 |       ||     7
Invok: Berserk           |     1 |       ||     1
Armor: Ring mail         |    35 |     1 ||    36
Dodge: Dodged            |    74 |     1 ||    75
